| TOP OF THE 1ST |
|
Hickory Crawdads batting - Pitching for Lansing Lugnuts : RHP Ari Lueger
|
|
Pitching: RHP Ari Lueger
|
|
|
Batting: LHB Franklin Quezada
|
0-0: Called Strike 0-1: DOUBLE (Line Drive, 7LM, EV 93.1 MPH)
|
|
Batting: RHB Garrison Feltham
|
0-0: Fly out, F4 (Popup, 4M, EV 66.2 MPH)
|
|
Batting: RHB Doug Hammertime
|
0-0: Called Strike Franklin Quezada steals 3rd base (no throw) 0-1: Ball 1-1: Swinging Strike 1-2: Ball 2-2: Ball 3-2: SINGLE (Line Drive, 9S, EV 106.9 MPH) Franklin Quezada scores
|
|
Batting: RHB George King
|
0-0: Ball Doug Hammertime steals 2nd base 1-0: Called Strike 1-1: Foul Ball, location: 2F 1-2: Foul Ball, location: 2F 1-2: Ground out 4-3 (Groundball, 34, EV 89.4 MPH) Doug Hammertime to third
|
|
Batting: LHB Nick Foutz
|
0-0: Ground out U3 (Groundball, 3, EV 86.9 MPH)
|
| Top of the 1st over - 1 run, 2 hits, 0 errors, 1 left on base; Hickory 1 - Lansing 0 |
| BOTTOM OF THE 1ST |
|
Lansing Lugnuts batting - Pitching for Hickory Crawdads : RHP Orlando Mendoza
|
|
Pitching: RHP Orlando Mendoza
|
|
|
Batting: RHB Elliot Manfredini
|
0-0: Called Strike 0-1: Ball 1-1: Ball 2-1: Called Strike 2-2: SINGLE (Groundball, 5D, EV 100.0 MPH)
|
|
Batting: RHB Bryan Westray
|
0-0: Called Strike 0-1: Called Strike 0-2: Fly out, F8 (Flyball, 8RXD, EV 86.9 MPH)
|
|
Batting: SHB Jose Garcia
|
0-0: Called Strike 0-1: Called Strike 0-2: Strikes out swinging Elliot Manfredini steals 2nd base Batter strikes out.
|
|
Batting: RHB Takanibu Kaneshiro
|
0-0: Called Strike 0-1: Foul Ball, location: 2F 0-2: Strikes out swinging
|
| Bottom of the 1st over - 0 runs, 1 hit, 0 errors, 1 left on base; Hickory 1 - Lansing 0 |
| TOP OF THE 2ND |
|
Hickory Crawdads batting - Pitching for Lansing Lugnuts : RHP Ari Lueger
|
|
Batting: LHB Ben Radach
|
0-0: Called Strike 0-1: Ball 1-1: Ball 2-1: Ball 3-1: Fly out, F8 (Flyball, 8LS, EV 90.0 MPH)
|
|
Batting: RHB Adryão Anto
|
0-0: Ball 1-0: Called Strike 1-1: Ground out 5-3 (Groundball, 56S, EV 92.5 MPH)
|
|
Batting: SHB Santos Renteria
|
0-0: Ball 1-0: Called Strike 1-1: Hit by Pitch
|
|
Batting: RHB Jose Guerrero
|
0-0: SINGLE (Groundball, 56D, EV 106.9 MPH) Santos Renteria to second
|
|
Batting: LHB Franklin Quezada
|
0-0: Called Strike 0-1: SINGLE (Flyball, 4MD, EV 96.9 MPH) Santos Renteria to third Jose Guerrero to second Runner from 3rd tries for Home, throw by CF and OUT! 8-2
|
| Top of the 2nd over - 0 runs, 2 hits, 0 errors, 2 left on base; Hickory 1 - Lansing 0 |
| BOTTOM OF THE 2ND |
|
Lansing Lugnuts batting - Pitching for Hickory Crawdads : RHP Orlando Mendoza
|
|
Batting: LHB Dan Martinez
|
0-0: Ball 1-0: Ball 2-0: Ground out 1-3 (Groundball, 13, EV 71.2 MPH)
|
|
Batting: RHB Finn Ross
|
0-0: Called Strike 0-1: Fly out, F9 (Flyball, 9D, EV 100.0 MPH)
|
|
Batting: RHB Ivan Ramirez
|
0-0: Ball 1-0: SINGLE (Flyball, 3D, EV 98.1 MPH)
|
|
Batting: RHB Luis Reyes
|
0-0: Fielders Choice at 2nd, 5-4 (Groundball, 56, EV 105.6 MPH)
|
| Bottom of the 2nd over - 0 runs, 1 hit, 0 errors, 1 left on base; Hickory 1 - Lansing 0 |
| TOP OF THE 3RD |
|
Hickory Crawdads batting - Pitching for Lansing Lugnuts : RHP Ari Lueger
|
|
Batting: RHB Garrison Feltham
|
0-0: Ball 1-0: Foul Ball, location: 2F 1-1: Ground out 3-1 (Groundball, 34, EV 85.0 MPH)
|
|
Batting: RHB Doug Hammertime
|
0-0: Ball 1-0: Foul Ball, location: 2F 1-1: Ball 2-1: SINGLE (Groundball, 34D, EV 106.9 MPH)
|
|
Batting: RHB George King
|
0-0: Ball Doug Hammertime steals 2nd base 1-0: Fly out, F5 (Popup, 25F, EV 77.5 MPH)
|
|
Batting: LHB Nick Foutz
|
0-0: Called Strike 0-1: Ball 1-1: Swinging Strike 1-2: Ball 2-2: Ball 3-2: Fly out, F7 (Flyball, 78XD, EV 84.4 MPH)
|
| Top of the 3rd over - 0 runs, 1 hit, 0 errors, 1 left on base; Hickory 1 - Lansing 0 |
| BOTTOM OF THE 3RD |
|
Lansing Lugnuts batting - Pitching for Hickory Crawdads : RHP Orlando Mendoza
|
|
Batting: RHB Darren McCarty Jr.
|
0-0: Ball 1-0: Swinging Strike 1-1: Ground out 4-3 (Groundball, 4S, EV 80.0 MPH)
|
|
Batting: RHB Elliot Manfredini
|
0-0: Ball 1-0: Foul Ball, location: 2F 1-1: Foul Ball, location: 2F 1-2: Ball 2-2: SINGLE (Groundball, 4M, EV 95.6 MPH) (infield hit)
|
|
Batting: RHB Bryan Westray
|
0-0: Called Strike 0-1: Ball 1-1: Ball Elliot Manfredini is caught stealing 2nd base 2-4 2-1: Called Strike 2-2: Fly out, F8 (Flyball, 8RD, EV 98.1 MPH)
|
| Bottom of the 3rd over - 0 runs, 1 hit, 0 errors, 0 left on base; Hickory 1 - Lansing 0 |
| TOP OF THE 4TH |
|
Hickory Crawdads batting - Pitching for Lansing Lugnuts : RHP Ari Lueger
|
|
Batting: LHB Ben Radach
|
0-0: Called Strike 0-1: Foul Ball, location: 2F 0-2: Ball 1-2: Foul Ball, location: 2F 1-2: Ball 2-2: Ball 3-2: SINGLE (Flyball, 7LS, EV 93.1 MPH) - OUT at second base trying to stretch hit.
|
|
Batting: RHB Adryão Anto
|
0-0: Ball 1-0: Ball 2-0: Ground out 5-3 (Groundball, 56, EV 83.1 MPH)
|
|
Batting: SHB Santos Renteria
|
0-0: Called Strike 0-1: Ball 1-1: Ball 2-1: Called Strike 2-2: Fly out, F8 (Flyball, 8LM, EV 85.6 MPH)
|
| Top of the 4th over - 0 runs, 1 hit, 0 errors, 0 left on base; Hickory 1 - Lansing 0 |
| BOTTOM OF THE 4TH |
|
Lansing Lugnuts batting - Pitching for Hickory Crawdads : RHP Orlando Mendoza
|
|
Batting: SHB Jose Garcia
|
0-0: Foul Ball, location: 2F 0-1: Ball 1-1: Called Strike 1-2: SOLO HOME RUN (Flyball, 9D, EV 95.6 MPH), Distance : 371 ft
|
|
Batting: RHB Takanibu Kaneshiro
|
0-0: Called Strike 0-1: Called Strike 0-2: Ball 1-2: Strikes out swinging
|
|
Batting: LHB Dan Martinez
|
0-0: Ball 1-0: Fly out, F3 (Popup, 23F, EV 78.8 MPH)
|
|
Batting: RHB Finn Ross
|
0-0: Reached on error, E4 (Groundball, 4M, EV 82.5 MPH)
|
|
Batting: RHB Ivan Ramirez
|
0-0: Ball Finn Ross steals 2nd base (no throw) 1-0: Fly out, F2 (Popup, 25F, EV 91.2 MPH)
|
| Bottom of the 4th over - 1 run, 1 hit, 1 error, 1 left on base; Hickory 1 - Lansing 1 |
| TOP OF THE 5TH |
|
Hickory Crawdads batting - Pitching for Lansing Lugnuts : RHP Ari Lueger
|
|
Batting: RHB Jose Guerrero
|
0-0: SINGLE (Groundball, 6MD, EV 105.0 MPH)
|
|
Batting: LHB Franklin Quezada
|
0-0: Ball 1-0: 2-RUN HOME RUN (Flyball, 9LD, EV 91.9 MPH), Distance : 325 ft
|
|
Batting: RHB Garrison Feltham
|
0-0: Foul Ball, location: 2F 0-1: Called Strike 0-2: Ground out 6-3 (Groundball, 6S, EV 82.5 MPH)
|
|
Batting: RHB Doug Hammertime
|
0-0: Ground out 4-3 (Groundball, 4M, EV 102.5 MPH)
|
|
Batting: RHB George King
|
0-0: Ground out 6-3 (Groundball, 6, EV 101.9 MPH)
|
| Top of the 5th over - 2 runs, 2 hits, 0 errors, 0 left on base; Hickory 3 - Lansing 1 |
| BOTTOM OF THE 5TH |
|
Lansing Lugnuts batting - Pitching for Hickory Crawdads : RHP Orlando Mendoza
|
|
Batting: RHB Luis Reyes
|
0-0: Foul Ball, location: 2F 0-1: Ball 1-1: Foul Ball, location: 2F 1-2: Ground out 5-3 (Groundball, 56S, EV 81.9 MPH)
|
|
Batting: RHB Darren McCarty Jr.
|
0-0: Ball 1-0: Ball 2-0: Foul Ball, location: 2F 2-1: SINGLE (Line Drive, 7S, EV 104.4 MPH)
|
|
Batting: RHB Elliot Manfredini
|
0-0: Ball Darren McCarty Jr. is caught stealing 2nd base 2-4 1-0: Swinging Strike 1-1: Ball 2-1: Ground out U3 (Groundball, 34, EV 93.1 MPH)
|
| Bottom of the 5th over - 0 runs, 1 hit, 0 errors, 0 left on base; Hickory 3 - Lansing 1 |
| TOP OF THE 6TH |
|
Hickory Crawdads batting - Pitching for Lansing Lugnuts : RHP Ari Lueger
|
|
Batting: LHB Nick Foutz
|
0-0: Ball 1-0: Called Strike 1-1: Called Strike 1-2: SINGLE (Groundball, 25, EV 73.1 MPH) (infield hit)
|
|
Batting: LHB Ben Radach
|
0-0: Called Strike 0-1: Ball 1-1: Called Strike 1-2: Fly out, F7 (Flyball, 7LM, EV 91.9 MPH)
|
|
Batting: RHB Adryão Anto
|
0-0: Ball Nick Foutz steals 2nd base (no throw) 1-0: Ball 2-0: Foul Ball, location: 2F 2-1: Ground out 5-3 (Groundball, 56, EV 100.6 MPH)
|
|
Batting: SHB Santos Renteria
|
0-0: Ball 1-0: Ball 2-0: Ground out 6-3 (Groundball, 6M, EV 106.2 MPH)
|
| Top of the 6th over - 0 runs, 1 hit, 0 errors, 1 left on base; Hickory 3 - Lansing 1 |
| BOTTOM OF THE 6TH |
|
Lansing Lugnuts batting - Pitching for Hickory Crawdads : RHP Orlando Mendoza
|
|
Batting: RHB Bryan Westray
|
0-0: SINGLE (Groundball, 6S, EV 74.4 MPH) (infield hit)
|
|
Batting: SHB Jose Garcia
|
0-0: Ball 1-0: Fielders Choice at 2nd, 4-6 (Groundball, 4, EV 88.8 MPH)
|
|
Batting: RHB Takanibu Kaneshiro
|
0-0: Called Strike 0-1: Ball Jose Garcia steals 2nd base 1-1: Ball 2-1: Ball 3-1: Base on Balls
|
|
Batting: LHB Dan Martinez
|
0-0: Ball 1-0: Ball Jose Garcia is caught stealing 3rd base 2-5 2-0: Called Strike 2-1: Foul Ball, location: 2F 2-2: Foul Ball, location: 2F 2-2: SINGLE (Flyball, 56D, EV 94.4 MPH) Takanibu Kaneshiro to second Takanibu Kaneshiro to third
|
|
Batting: RHB Finn Ross
|
0-0: Called Strike 0-1: Ball 1-1: Swinging Strike 1-2: Foul Ball, location: 2F 1-2: Ball 2-2: Fly out, F8 (Flyball, 89D, EV 88.1 MPH)
|
| Bottom of the 6th over - 0 runs, 2 hits, 0 errors, 2 left on base; Hickory 3 - Lansing 1 |
| TOP OF THE 7TH |
|
Hickory Crawdads batting - Pitching for Lansing Lugnuts : RHP Ari Lueger
|
|
Batting: RHB Jose Guerrero
|
0-0: Fly out, F3 (Popup, 3, EV 67.5 MPH)
|
|
Batting: LHB Franklin Quezada
|
0-0: Ball 1-0: Ball 2-0: Foul Ball, location: 2F 2-1: Foul Ball, location: 2F 2-2: Strikes out looking
|
|
Batting: RHB Garrison Feltham
|
0-0: Ball 1-0: Ball 2-0: Ball 3-0: Base on Balls
|
|
Batting: RHB Doug Hammertime
|
0-0: Ball 1-0: Called Strike 1-1: Swinging Strike 1-2: Foul Ball, location: 2F 1-2: Ball 2-2: Ball 3-2: Ground out 5-3 (Groundball, 56S, EV 62.5 MPH)
|
| Top of the 7th over - 0 runs, 0 hits, 0 errors, 1 left on base; Hickory 3 - Lansing 1 |
| BOTTOM OF THE 7TH |
|
Lansing Lugnuts batting - Pitching for Hickory Crawdads : RHP Orlando Mendoza
|
|
Batting: RHB Ivan Ramirez
|
0-0: DOUBLE (Flyball, 89D, EV 110.6 MPH)
|
|
Batting: RHB Luis Reyes
|
0-0: Ball 1-0: Swinging Strike 1-1: Swinging Strike 1-2: Strikes out swinging
|
|
Batting: RHB Darren McCarty Jr.
|
0-0: Fly out, F9 (Flyball, 89D, EV 92.5 MPH)
|
|
Pinch Hitting: LHB Roger Escareno
|
0-0: Ground out 6-3 (Groundball, 6D, EV 81.2 MPH)
|
| Bottom of the 7th over - 0 runs, 1 hit, 0 errors, 1 left on base; Hickory 3 - Lansing 1 |
| TOP OF THE 8TH |
|
Hickory Crawdads batting - Pitching for Lansing Lugnuts : RHP Ari Lueger
|
|
Now at 3B: Roger Escareno
|
|
|
Batting: RHB George King
|
0-0: Ball 1-0: Reached on error, E6 (Groundball, 6, EV 101.9 MPH)
|
|
Pitching: RHP Jordan Jacobo
|
|
|
Batting: LHB Nick Foutz
|
0-0: Ball George King is caught stealing 2nd base 2-6 1-0: Called Strike 1-1: Ball 2-1: DOUBLE (Line Drive, 9LD, EV 106.2 MPH)
|
|
Batting: LHB Ben Radach
|
0-0: Ball 1-0: Ball 2-0: Foul Ball, location: 2F 2-1: Foul Ball, location: 2F 2-2: Ball 3-2: DOUBLE (Groundball, 5L, EV 93.8 MPH) Nick Foutz scores
|
|
Batting: RHB Adryão Anto
|
0-0: Ball 1-0: Ground out 6-3 (Groundball, 6, EV 81.9 MPH)
|
|
Batting: SHB Santos Renteria
|
0-0: Called Strike 0-1: SINGLE (Groundball, 4MD, EV 95.6 MPH) Ben Radach to third
|
|
Batting: RHB Jose Guerrero
|
0-0: SINGLE (Groundball, 25, EV 63.8 MPH) (infield hit) Ben Radach scores Santos Renteria to second
|
|
Batting: LHB Franklin Quezada
|
0-0: Called Strike 0-1: Foul Ball, location: 2F 0-2: Ground out 4-3 (Groundball, 4, EV 78.8 MPH)
|
| Top of the 8th over - 2 runs, 4 hits, 1 error, 2 left on base; Hickory 5 - Lansing 1 |
| BOTTOM OF THE 8TH |
|
Lansing Lugnuts batting - Pitching for Hickory Crawdads : RHP Orlando Mendoza
|
|
Now at 1B: Jason Swisher
|
|
|
Batting: RHB Bryan Westray
|
0-0: Ground out 6-3 (Groundball, 56, EV 107.5 MPH)
|
|
Batting: SHB Jose Garcia
|
0-0: Foul Ball, location: 2F 0-1: Called Strike 0-2: Strikes out swinging
|
|
Batting: RHB Takanibu Kaneshiro
|
0-0: Swinging Strike 0-1: Ball 1-1: Swinging Strike 1-2: SINGLE (Groundball, 34D, EV 100.6 MPH)
|
|
Batting: LHB Dan Martinez
|
0-0: Foul Ball, location: 2F 0-1: Ball 1-1: Ball 2-1: Ground out U3 (Groundball, 3, EV 96.2 MPH)
|
| Bottom of the 8th over - 0 runs, 1 hit, 0 errors, 1 left on base; Hickory 5 - Lansing 1 |
| TOP OF THE 9TH |
|
Hickory Crawdads batting - Pitching for Lansing Lugnuts : RHP Jordan Jacobo
|
|
Pitching: RHP Mike Merriman
|
|
|
Batting: RHB Garrison Feltham
|
0-0: Ball 1-0: Called Strike 1-1: Ball 2-1: Foul Ball, location: 2F 2-2: Foul Ball, location: 2F 2-2: Ball 3-2: Strikes out swinging
|
|
Batting: RHB Doug Hammertime
|
0-0: Foul Ball, location: 2F 0-1: Ground out 6-3 (Groundball, 6, EV 83.1 MPH)
|
|
Batting: RHB George King
|
0-0: Ball 1-0: Called Strike 1-1: Ground out 6-3 (Groundball, 6, EV 101.2 MPH)
|
| Top of the 9th over - 0 runs, 0 hits, 0 errors, 0 left on base; Hickory 5 - Lansing 1 |
| BOTTOM OF THE 9TH |
|
Lansing Lugnuts batting - Pitching for Hickory Crawdads : RHP Orlando Mendoza
|
|
Now in LF: Franklin Quezada
|
|
|
Now in CF: Barry Brents
|
|
|
Batting: RHB Finn Ross
|
0-0: Ground out 1-3 (Groundball, P, EV 72.5 MPH)
|
|
Batting: LHB David Ramirez
|
0-0: Ball 1-0: Called Strike 1-1: Ball 2-1: Ground out 5-3 (Groundball, 56, EV 85.0 MPH)
|
|
Batting: RHB Luis Reyes
|
0-0: Ball 1-0: Fly out, F8 (Line Drive, 8RM, EV 103.1 MPH)
|
| Bottom of the 9th over - 0 runs, 0 hits, 0 errors, 0 left on base; Hickory 5 - Lansing 1 |
|